cohdb
Replays
Latest Replays
All Replays
Popular Replays
Top Player Replays
Match Explorer
How It Works
Community
CoH3 Stats
Reddit
Sign in to upload your games and track your stats! →
Sign in with Steam
Match 44034218
Unlisted
Match 44034218
Overview
Messages
Build Orders
End
Construct Infanterie Kompanie
Kettenkrad Recon Vehicle
MG 42 Machine Gun Team
Grenadier Squad
Grenadier Squad
Selects Breakthrough Battlegroup
Selects Assault Grenadiers
Selects Breakthrough
Construct Panzergrenadier Kompanie
Medical Station
Pak 40 Anti-tank Gun Team
Support Elements
Nebelwerfer 42 Rocket Launcher Team
Selects 2.5-tonne Cargo Truck
2.5-tonne Cargo Truck
Panzergrenadier Squad
Breakthrough
Construct Panzer Kompanie
Panzer IV Medium Tank
Selects Blitzkrieg
Pak 40 Anti-tank Gun Team
Sturmpanzer IV Brummbär
Side Skirts
Nukepapa
Wildcard
Lethal
DonaldCrump
0
0
Comments
sign in to comment!
No comments posted yet!